Map: Abyssal Reef LE

Players

Bung

  • Race: Terran Terran
  • Spawn Location: 11:00

Yata - Winner!

  • Race: Zerg Zerg
  • Spawn Location: 5:00

VOD

Have the link to the VOD?

Description

Time

  • Played on: July 6, 2017, 10:15 p.m.
  • Length: 3:04
Show
View Real Time Build Order
Export as new Build Order

Bung Terran 

Build Orders:  

Get SALT Encoding   

  12  0:10  Supply Depot  
  12  0:20  SCV  
  13  0:29  Refinery  
  13  0:33  SCV  
  14  0:37  Refinery  
  14  0:57  SCV  
  15  1:09  SCV  
  16  1:18  Supply Depot  
  16  1:21  Supply Depot, SCV  
  17  1:33  SCV  
  18  1:45  SCV  
  15  2:16  Barracks  
Show
View Real Time Build Order
Export as new Build Order

Yata Zerg - Winner!

Build Orders: Pool Only 

Get SALT Encoding   

  12  0:19  Spawning Pool  
  11  1:06  Zergling x6  
  14  1:17  Overlord  
  14  1:35  Zergling x2  
  16  1:47  Zergling x2  
  16  2:09  Zergling x4  
  18  2:31  Zergling x4  
Tags
 
Matchup
TvZ
Opening
Pool Only
Replay Pack
Pack 1
Spawn Locations
Cross Positions
Add a new tag
Caveats
  • Supply blocks, unpowered buildings, or Contaminate may cause inaccurate times.
  • Supply counts are checked every 10 seconds.